 Dungeon Crawl Stone Soup version 0.25.0-11-g1f837a76a1 (webtiles) character file.

Game seed: 16607402707871735481

2376 lepoulpe303 the Chopper (level 9, -3/81 HPs)
             Began as a Deep Dwarf Fighter on June 25, 2020.
             Was a Follower of Makhleb.
             Killed by divine providence
             ... invoked by an orc priest
              (6 damage)
             ... on level 7 of the Dungeon.
             The game lasted 00:21:10 (4703 turns).

lepoulpe303 the Chopper (Deep Dwarf Fighter)        Turns: 4703, Time: 00:21:11

Health: -3/81      AC: 16    Str: 22    XL:     9   Next: 21%
Magic:  10/10      EV:  7    Int: 10    God:    Makhleb [*.....]
Gold:   333        SH: 10    Dex: 14    Spells: 8/8 levels left

rFire    . . .     SeeInvis .   a - +1 war axe
rCold    . . .     Gourm    .   c - +0 kite shield
rNeg     . . .     Faith    .   N - +0 plate armour
rPois    .         Spirit   .   A - +2 helmet
rElec    .         Reflect  .   E - scarf {repulsion}
rCorr    .         Harm     .   (no gloves)
MR       +....                  (no boots)
Stlth    ..........             (no amulet)
HPRegen  0.00/turn              l - +6 ring of dexterity
MPRegen  0.12/turn              U - -4 ring of dexterity (curse)

@: mighty, lethally poisoned (-3 -> -3), non-regenerating, repel missiles
A: damage resistance, heal wounds, sense surroundings 2, no regeneration
a: Heal Wounds, Renounce Religion


You were on level 7 of the Dungeon.
You worshipped Makhleb.
Makhleb was aware of your devotion.
You were not hungry.

You visited 2 branches of the dungeon, and saw 8 of its levels.

You collected 333 gold pieces.

Inventory:

Hand Weapons
 a - a +1 war axe (weapon)
 f - a +0 hunting sling
 R - the +9 whip of Uvextari {flame, rC+ MR+, unknown}
   (You found it on level 5 of the Dungeon)

   It has been specially enchanted to burn those struck by it, causing extra
   injury to most foes and up to half again as much damage against particularly
   susceptible opponents.
   It protects you from cold.
   It affects your resistance to hostile enchantments.
 S - a +0 hand crossbow
 V - a +0 morningstar of flaming
Missiles
 b - a throwing net {=f}
 K - 4 boomerangs (quivered)
 M - 12 poisoned darts
 Q - 154 stones
 T - 3 javelins
Armour
 c - a +0 kite shield (worn)
 h - a cursed +0 ring mail
 j - a +0 chain mail
 A - a +2 helmet (worn)
 E - a scarf of repulsion (worn)
 N - a +0 plate armour (worn)
Jewellery
 l - a +6 ring of dexterity (left hand)
 J - a +4 ring of evasion
 L - an uncursed amulet of faith {Faith, !P}
 U - a cursed -4 ring of dexterity (right hand)
Wands
 C - a wand of iceblast (9)
 G - a wand of paralysis (7)
Scrolls
 g - 2 scrolls of amnesia
 i - a scroll of identify
 k - 2 scrolls of magic mapping {!r}
 m - a scroll of fear {unknown}
 o - 2 scrolls of teleportation {unknown}
 p - a scroll of blinking {unknown}
 v - 3 scrolls of enchant weapon
 y - a scroll of random uselessness {unknown}
 z - a scroll of immolation {unknown}
 F - a scroll of vulnerability {unknown}
 H - a scroll of enchant armour {unknown}
Potions
 n - 4 potions of flight {unknown}
 q - 3 potions of curing
 r - a potion of magic {unknown}
 s - 2 potions of brilliance {unknown}
 t - 3 potions of degeneration {unknown}
 u - a potion of heal wounds
 w - a potion of berserk rage {unknown}
 x - a potion of lignification {unknown}
 B - 2 potions of invisibility {unknown}
 D - a potion of ambrosia {unknown}
 I - a potion of cancellation {unknown}
 O - a potion of mutation {unknown}
 P - a potion of haste {unknown}
Comestibles
 e - 11 rations
 W - 3 chunks of flesh


   Skills:
 + Level 5.0 Fighting
 * Level 7.6 Axes
 + Level 6.1 Armour
 + Level 5.0 Dodging
 + Level 6.1 Shields
 * Level 5.6 Invocations


You had 8 spell levels left.
You didn't know any spells.
Your spell library was empty.

Dungeon Overview and Level Annotations

Branches:
Dungeon (7/15)             Temple (1/1) D:5

Altars:
Ashenzari
Cheibriados
Dithmenos
Fedhas
Gozag
Hepliaklqana
Makhleb
Qazlal
Ru
Sif Muna
Xom
Yredelemnul
The Shining One

Shops:
D:4 *

Annotations:
D:5 exclusion: oklob plant


Innate Abilities, Weirdness & Mutations

You are resistant to damage.
You can heal yourself by infusing magical energy.
You passively map the area around you.
You do not regenerate.


Message History

You slash the orc priest! You hit the adder.
You feel yourself speed up.
* * * LOW HITPOINT WARNING * * *
You feel very sick. You block the adder's attack.
The orc wizard gestures wildly while chanting.
The orc wizard blinks!
You block the adder's attack.
The orc priest hits you but does no damage.
You take 4 damage, and have 3/81 hp.
Your shield and plate armour prevent you from hitting the orc priest.
You miss the adder. You block the adder's attack.
The orc priest hits you but does no damage.
The adder bites you but does no damage.
MP restored: 10 You miss the adder.
Your shield and plate armour prevent you from hitting the orc priest.
The adder barely misses you.
The orc priest mumbles some strange prayers to Beogh against you.
Beogh smites you!
You die... *, #oo

#.. #.# ** #..##*#.#
##.# ,..... #...##.#
,* * ..o.#.#.##.# *
*#S.#?..##.#
#.$'.#.##.# , #o..##.#
### , * #o#.##.# #..
.. ,, #@So#..# #.##.#
** * ** #)###.##
#.##.# #...#.# #.##.#
#.#.#.# #.##.# #...#.#
#.##.# #.#.#.#
..##.######### #)..#.#
.............# #.#.#.#
..##...#####.###...#.#


You could see an orc priest, an orc wizard, an adder and an orc.

Levels and vault maps discovered:
D:1:      lemuel_arrival_broad_hall, layout_loops_ring
D:2:      layout_rooms, lemuel_coloured_pillars_altar, lemuel_crystal_altar
D:3:      kennysheep_the_goblin_king, layout_rooms,
          ashenzari_conservatory_becter, chequers_ecumenical_altar_grove,
          hangedman_decor_growths, yredelemnul_altar_generic, uniq_terence
D:4:      layout_gridville, serial_undead, serial_undead_b, serial_undead_c,
          serial_undead_e, serial_undead_f, nicolae_gozag_zags_fifth_avenue,
          uniq_eustachio, uniq_robin
D:5:      layout_loops_ring, tgw_fedhas, minmay_temple_entry_overgrown,
          first_ration, basic_altar, uniq_menkaure, uniq_crazy_yiuf_cottage,
          uniq_duvessa
D:6:      layout_rooms, nicolae_ru_sacrificial_ziggurat, uniq_maggie
D:7:      layout_loops_ring, ebering_ghost_rock_garden, kennysheep_nondescript,
          hangedman_minor_gate_pass
Temple:   cyrus_circular_temple

Notes
Turn   | Place    | Note
-------+----------+-------------------------------------------
     0 | D:1      | lepoulpe303 the Deep Dwarf Fighter began the quest for the
                  | Orb.
     0 | D:1      | Reached XP level 1. HP: 20/20 MP: 1/1
    83 | D:1      | Reached XP level 2. HP: 27/27 MP: 2/2
   103 | D:1      | Identified 2 scrolls of amnesia
   113 | D:1      | Identified a +0 club
   193 | D:1      | Identified a +0 dagger
   252 | D:1      | Identified a cursed +0 club
   310 | D:1      | Identified a +0 dagger
   311 | D:1      | Identified a +0 club
   317 | D:1      | Reached XP level 3. HP: 26/33 MP: 3/3
   317 | D:1      | Reached skill level 1 in Dodging
   643 | D:1      | Reached skill level 3 in Axes
   837 | D:2      | Reached skill level 3 in Fighting
   892 | D:2      | Found a hazy altar of Hepliaklqana.
   939 | D:2      | Identified a +0 spear
   939 | D:2      | Identified a +0 whip
   940 | D:2      | Identified a cursed -3 halberd
   948 | D:2      | Reached XP level 4. HP: 16/42 MP: 4/4
   985 | D:2      | Found a basalt altar of Yredelemnul.
  1203 | D:3      | Identified a +0 short sword
  1203 | D:3      | Identified a +0 chain mail
  1203 | D:3      | Noticed Terence
  1213 | D:3      | Killed Terence
  1226 | D:3      | Identified 2 scrolls of enchant weapon
  1227 | D:3      | Identified 2 scrolls of identify
  1227 | D:3      | Identified an amulet of inaccuracy (You found it on level 1
                  | of the Dungeon)
  1229 | D:3      | Identified a ring of dexterity (You found it on level 1 of
                  | the Dungeon)
  1274 | D:3      | Identified a +0 club
  1364 | D:3      | Identified a +0 club
  1364 | D:3      | Identified a +0 hunting sling
  1416 | D:3      | Reached skill level 4 in Shields
  1457 | D:3      | Found a shattered altar of Ashenzari.
  1459 | D:3      | Identified a +0 dagger
  1470 | D:3      | Identified a +0 dagger
  1480 | D:3      | Identified a +0 flail
  1480 | D:3      | Identified a +0 ring mail
  1494 | D:3      | Found a faded altar of an unknown god.
  1527 | D:3      | Found a basalt altar of Yredelemnul.
  1571 | D:3      | Reached XP level 5. HP: 46/49 MP: 4/4
  1681 | D:3      | Identified a +0 dagger
  1681 | D:3      | Identified a +0 club
  1681 | D:3      | Identified a +0 club
  1683 | D:3      | Identified a +0 scale mail
  1683 | D:3      | Noticed Ijyb
  1686 | D:3      | Reached skill level 4 in Armour
  1703 | D:3      | Killed Ijyb
  1703 | D:3      | Reached skill level 2 in Dodging
  1909 | D:4      | Identified a +0 club
  1923 | D:4      | Reached skill level 4 in Axes
  1926 | D:4      | Identified a +1 falchion of freezing
  1926 | D:4      | Identified a +0 leather armour
  1926 | D:4      | Noticed Eustachio
  1936 | D:4      | Identified a +0 hunting sling
  1936 | D:4      | Identified a +0 club
  1937 | D:4      | Identified a +0 club
  1937 | D:4      | Identified a +0 animal skin
  1937 | D:4      | Identified a +2 helmet
  1937 | D:4      | Noticed Robin
  1960 | D:4      | Killed Robin
  1977 | D:4      | Killed Eustachio
  1977 | D:4      | Reached XP level 6. HP: 35/56 MP: 5/5
  1985 | D:4      | Identified a +0 club
  1988 | D:4      | Identified a +0 dagger
  2103 | D:4      | Reached skill level 3 in Dodging
  2201 | D:4      | Identified a +0 club
  2204 | D:4      | Reached skill level 5 in Axes
  2204 | D:4      | Identified a +0 giant club
  2294 | D:4      | Identified a +0 club
  2309 | D:4      | Found Gozag's Platinum Reserve.
  2316 | D:4      | Found an opulent altar of Gozag.
  2324 | D:4      | Reached XP level 7. HP: 33/63 MP: 6/6
  2329 | D:4      | Identified 3 scrolls of magic mapping
  2330 | D:4      | Identified a ring of evasion (You found it on level 4 of
                  | the Dungeon)
  2444 | D:4      | Reached skill level 4 in Fighting
  2505 | D:4      | Identified a scarf of repulsion (You found it on level 4 of
                  | the Dungeon)
  2775 | D:4      | Identified a +0 plate armour (You found it on level 4 of
                  | the Dungeon)
  2798 | D:5      | Entered Level 5 of the Dungeon
  2799 | D:5      | Noticed Menkaure
  2802 | D:5      | Identified a +0 club
  2805 | D:5      | Identified a +0 flail
  2806 | D:5      | Identified a +0 whip
  2808 | D:5      | Killed Menkaure
  2808 | D:5      | Reached skill level 5 in Armour
  2808 | D:5      | Reached skill level 5 in Shields
  2841 | D:5      | Found a glowing golden altar of the Shining One.
  2894 | D:5      | Found a staircase to the Ecumenical Temple.
  2901 | Temple   | Entered the Ecumenical Temple
  2908 | Temple   | Became a worshipper of Makhleb the Destroyer
  2926 | D:5      | Reached skill level 6 in Axes
  2926 | D:5      | Reached skill level 1 in Invocations
  2972 | D:5      | Found a blossoming altar of Fedhas.
  2994 | D:5      | Noticed an oklob plant
  3085 | D:5      | Got an ancient whip
  3086 | D:5      | Identified 3 scrolls of remove curse
  3088 | D:5      | Identified a ring of protection (You found it on level 4 of
                  | the Dungeon)
  3223 | D:5      | Reached XP level 8. HP: 62/72 MP: 7/7
  3231 | D:5      | Identified a +0 dagger
  3231 | D:5      | Identified a +0 robe
  3231 | D:5      | Noticed Dowan
  3260 | D:5      | Identified a +0 short sword
  3260 | D:5      | Identified a +1 leather armour of magic resistance
  3260 | D:5      | Noticed Duvessa
  3318 | D:5      | Killed Duvessa
  3318 | D:5      | Reached skill level 2 in Invocations
  3337 | D:5      | Killed Dowan
  3337 | D:5      | Reached skill level 4 in Dodging
  3877 | D:6      | Identified a +0 hand axe
  3902 | D:6      | Identified a ring of teleportation (You found it on level 6
                  | of the Dungeon)
  3906 | D:6      | Identified an amulet of faith (You found it on level 5 of
                  | the Dungeon)
  3969 | D:6      | Identified a +0 morningstar of flaming
  3969 | D:6      | Identified +0 steam dragon scales
  3969 | D:6      | Noticed Maggie
  3990 | D:6      | Killed Maggie
  3990 | D:6      | Reached skill level 4 in Invocations
  4057 | D:6      | Identified a +0 flail
  4060 | D:6      | Identified a +0 falchion
  4064 | D:6      | Identified a +0 mace
  4065 | D:6      | Identified a +0 dagger
  4065 | D:6      | Identified a +0 robe
  4083 | D:6      | Reached skill level 7 in Axes
  4115 | D:6      | Identified a +0 giant club
  4142 | D:6      | Found a sacrificial altar of Ru.
  4449 | D:7      | Identified a +0 whip
  4449 | D:7      | Identified a +0 robe
  4459 | D:7      | Identified a +0 spear
  4463 | D:7      | Identified a +0 shortbow
  4472 | D:7      | Identified a +0 whip
  4486 | D:7      | Gained mutation: You passively map the area around you.
                  | [Deep Dwarf growth]
  4486 | D:7      | Reached XP level 9. HP: 37/80 MP: 10/10
  4488 | D:7      | Reached skill level 5 in Invocations
  4535 | D:7      | Reached * piety under Makhleb
  4535 | D:7      | Reached skill level 6 in Armour
  4535 | D:7      | Reached skill level 6 in Shields
  4578 | D:7      | Identified a +0 spear
  4650 | D:7      | Identified a +0 mace
  4650 | D:7      | Identified a +0 leather armour
  4660 | D:7      | Identified a +3 dagger
  4660 | D:7      | Identified a +0 robe
  4662 | D:7      | Identified a +0 whip
  4680 | D:7      | Identified a +0 trident
  4683 | D:7      | Identified a +0 rapier
  4683 | D:7      | Identified a +0 robe
  4683 | D:7      | Paralysed by a hornet for 1 turns
  4684 | D:7      | Identified a +0 dagger of holy wrath
  4687 | D:7      | Paralysed by a hornet for 2 turns
  4693 | D:7      | Paralysed by a hornet for 2 turns
  4696 | D:7      | Paralysed by a hornet for 3 turns
  4698 | D:7      | Reached skill level 5 in Fighting
  4698 | D:7      | Reached skill level 5 in Dodging
  4698 | D:7      | HP: 16/81 [poisoned by a hornet]
  4700 | D:7      | HP: 7/81 [orc priest/+0 trident (2)]
  4701 | D:7      | HP: 3/81 [poisoned by a hornet]
  4703 | D:7      | Killed from afar by an orc priest

Table legend:
 A = Turns spent in this place as a percentage of turns spent in the entire game.
 B = Non-inter-level travel turns spent in this place as a percentage of non-inter-level travel turns spent in the entire game.
 C = Inter-level travel turns spent in this place as a percentage of turns spent in this place.
 D = Turns resting spent in this place as a percentage of non-inter-level travel turns spent in this place.
 E = Turns spent auto-exploring this place as a percentage of non-inter-level travel turns spent in this place.
 F = Non-inter-level travel turns spent in this place divided by the number of levels of this place that you've seen.
                   A       B       C       D       E      F
               +-------+-------+-------+-------+-------+----------------------
         Total | 100.0 | 100.0 |   4.3 |   1.9 |  72.2 | 562.6
       Dungeon |  99.7 |  99.7 |   4.3 |   1.9 |  72.4 | 640.9
        Temple |   0.3 |   0.3 |   0.0 |   0.0 |   0.0 |  15.0
               +-------+-------+-------+-------+-------+----------------------

Table legend:
 A = Kills in this place as a percentage of kills in entire the game.
 B = Kills by you in this place as a percentage of kills by you in the entire game.
 C = Kills by friends in this place as a percentage of kills by friends in the entire game.
 D = Other kills in this place as a percentage of other kills in the entire game.
 E = Experience gained in this place as a percentage of experience gained in the entire game.
 F = Experience gained in this place divided by the number of levels of this place that you have seen.
                   A       B       C       D       E      F
               +-------+-------+-------+-------+-------+----------------------
         Total | 100.0 | 100.0 |   N/A |   N/A | 100.0 | 424.4
       Dungeon | 100.0 | 100.0 |   N/A |   N/A | 100.0 | 485.0
               +-------+-------+-------+-------+-------+----------------------

Skill      XL: |  1  2  3  4  5  6  7  8  9 |
---------------+----------------------------+-----
Dodging        | 1 2 3 4 5 |  5.0
Axes           | 3 4 5 6 7 |  7.6
Fighting       | 3 4 5 |  5.0
Shields        | 4 5 6 |  6.1
Armour         | 4 5 6 |  6.1
Invocations    | 1 4 5 |  5.6

Action                   |  1- 3 |  4- 6 |  7- 9 || total
-------------------------+-------+-------+-------++-------
Melee: War axe           |    98 |   117 |   216 ||   431
Throw: Javelin           |    30 |    31 |    14 ||    75
       Stone             |       |       |     3 ||     3
       Boomerang         |       |       |    32 ||    32
 Abil: Heal Wounds       |       |     1 |     4 ||     5
  Use: Scroll            |     1 |     3 |     5 ||     9
       Potion            |       |       |     1 ||     1
  Eat: Chunk             |       |     3 |     3 ||     6
       Ration            |       |     1 |     1 ||     2
Armor: Scale mail        |    30 |     1 |       ||    31
       Chain mail        |       |    57 |     7 ||    64
       Plate armour      |       |       |   101 ||   101
       Skin              |       |       |     2 ||     2
Dodge: Dodged            |    33 |    34 |    64 ||   131
       Repelled          |       |       |     2 ||     2
Block: Kite shield       |    60 |    70 |   138 ||   268

Vanquished Creatures
  Maggie (D:6)
  A hornet (D:7)
  Eustachio (D:4)
  Menkaure (D:5)
  Duvessa (D:5)
  An ice beast (D:5)
  2 ogres
  A centaur (D:7)
  2 bullfrogs (D:7)
  Dowan (D:5)
  A scorpion (D:4)
  3 centaur zombies
  A crimson imp (D:7)
  2 howler monkeys (D:4)
  A bullfrog zombie (D:4)
  2 hounds
  2 jellies
  A gnoll shaman (D:7)
  An orc priest (D:7)
  Ijyb (D:3)
  5 worker ants
  2 orc wizards
  Terence (D:3)
  2 hound zombies (D:4)
  A hound skeleton (D:4)
  Robin (D:4)
  9 gnolls
  8 adders
  2 oozes
  2 adder zombies (D:4)
  2 dart slugs (D:1)
  3 leopard geckos
  9 orcs
  2 ball pythons
  A giant cockroach (D:4)
  9 hobgoblins
  3 quokkas
  6 bats
  6 frilled lizards
  23 goblins
  6 kobolds
  2 leopard gecko skeletons
  10 rats
142 creatures vanquished.
